cohdb
Replays
Latest Replays
All Replays
Popular Replays
Top Player Replays
Match Explorer
How It Works
Community
CoH3 Stats
Reddit
Sign in to upload your games and track your stats! →
Sign in with Steam
Match 43741854
Unlisted
Match 43741854
Overview
Messages
Build Orders
End
Kradschützen Motorcycle Team
Panzergrenadier Squad
Selects Panzerjäger Kommand Battlegroup
Selects Mine Fields
Panzergrenadier Squad
250 Light Carrier
Construct Light Support Kompanie
Fire Support Elements
Selects Tank Busters
Flakvierling Half-track
Panzerjäger Mechanized Group
Vehicle Survival Package
Selects Defensive Positions
Construct Mechanized Kompanie
StuG III D Assault Gun
Emergency Repair Kits
Selects Butterfly Bomb Drop
Selects Crew Shock Tactics
2.5-tonne Medical Truck
Marder III Tank Destroyer
Panzerjäger Mechanized Group
Theodosios
Barbarossa
0
0
Comments
sign in to comment!
No comments posted yet!